 Dungeon Crawl Stone Soup version 0.21.1-1-g345015f (webtiles) character file.

86 letownia2 the Poker (level 4, 0/34 HPs)
             Began as a Merfolk Skald on Mar 16, 2018.
             Succumbed to a scorpion's poison
             ... on level 4 of the Dungeon.
             The game lasted 00:04:44 (779 turns).

letownia2 the Poker (Merfolk Skald)                  Turns: 779, Time: 00:04:44

Health: 0/34       AC:  4    Str: 16    XL:     4   Next: 50%
Magic:  7/7        EV: 18    Int: 13    God:
Gold:   83         SH:  0    Dex: 18    Spells: 2/7 levels left

rFire    . . .     SeeInvis .   a - +0 spear
rCold    . . .     Gourm    .   (no shield)
rNeg     . . .     Faith    .   b - +0 leather armour
rPois    .         Spirit   .   (no helmet)
rElec    .         Reflect  .   (no cloak)
rCorr    .         Harm     .   (no gloves)
MR       .....                  j - +0 pair of boots
Stlth    ++........             (no amulet)
HPRegen  0.11/turn              (no ring)
MPRegen  0.10/turn              (no ring)

@: mighty, agile, lethally poisoned (0 -> -14)
A: change form in water, swift swim, stealthy swim
a: no special abilities


You were on level 4 of the Dungeon.
You were not hungry.

You visited 1 branch of the dungeon, and saw 4 of its levels.

You collected 83 gold pieces.

Inventory:

Hand Weapons
 a - a +0 spear (weapon)
Armour
 b - a +0 leather armour (worn)
 j - a +0 pair of boots (worn)
 m - a +0 scale mail
 r - a +0 ring mail
Scrolls
 e - a scroll of enchant weapon {unknown}
 f - 2 scrolls of random uselessness {unknown}
 h - a scroll of remove curse {unknown}
 l - a scroll of identify {unknown}
 p - a scroll of noise {unknown}
 q - a scroll of teleportation {unknown}
Potions
 i - a potion of magic
 o - a potion of invisibility {unknown}
 s - a potion of berserk rage {unknown}
Books
 c - a book of Battle

   Spells                             Type                      Level
   a - Infusion                       Charms                       1
   b - Shroud of Golubria             Charms/Translocation         2
   c - Song of Slaying                Charms                       2
   d - Spectral Weapon                Hexes/Charms                 3
   e - Regeneration                   Charms/Necromancy            3
Comestibles
 d - 2 rations
 n - a chunk of flesh


   Skills:
 + Level 2.4 Fighting
 + Level 4.6 Polearms
 - Level 0.6 Armour
 - Level 2.6 Dodging
 - Level 2.0 Spellcasting
 + Level 4.1 Charms
 - Level 1.5 Translocations


You had 2 spell levels left.
You knew the following spells:

 Your Spells              Type           Power        Failure   Level  Hunger
a - Infusion              Chrm           ##..         5%          1    ##.....
l - Song of Slaying       Chrm           ##......     9%          2    ###....
t - Shroud of Golubria    Chrm/Tloc      #.........   14%         2    ###....


Dungeon Overview and Level Annotations

Branches:
Dungeon (4/15)             Temple (0/1) D:4

Altars:
Ashenzari
Nemelex Xobeh
Vehumet

Annotations:
D:2 Sigmund


Message History

You feel sick.
You feel sick.
You see here an adder skeleton.
You are no longer magically infusing your attacks.
There is a stone staircase leading up here.
Unknown command.
It was a potion of magic.
Magic courses through your body.
You feel sick. The scorpion stings you.
* * * LOW HITPOINT WARNING * * *
You are more poisoned.
The scorpion poisons you!
Unknown command.
It was a potion of might.
You feel very mighty all of a sudden.
* * * LOW HITPOINT WARNING * * *
You feel sick. The scorpion closely misses you.
Unknown command.
It was a potion of agility.
You feel agile all of a sudden.
You die...

#.......#.#............#
#..###..................
##..###.##...............
.........##...>........#
.......w....#......b...#.
.........########........
..........#######รท..(%...
................s........
##########......@........
#########..##... ### ##


You could see a scorpion.

Vanquished Creatures
  A worker ant (D:4)
  3 adders
  An ooze (D:2)
  2 dart slugs
  2 leopard geckos (D:3)
  2 orcs (D:3)
  4 bats (D:3)
  A giant cockroach (D:3)
  2 goblins (D:2)
  4 hobgoblins
  2 quokkas (D:3)
  2 rats
26 creatures vanquished.

Notes
Turn   | Place    | Note
-------+----------+-------------------------------------------
     0 | D:1      | letownia2 the Merfolk Skald began the quest for the Orb.
     0 | D:1      | Reached XP level 1. HP: 16/16 MP: 3/3
   140 | D:2      | Reached XP level 2. HP: 9/22 MP: 1/5
   157 | D:2      | Learned a level 2 spell: Song of Slaying
   267 | D:3      | Found a sparkling altar of Nemelex Xobeh.
   276 | D:3      | Found a shattered altar of Ashenzari.
   280 | D:3      | Found a radiant altar of Vehumet.
   293 | D:3      | Learned a level 2 spell: Shroud of Golubria
   351 | D:2      | Noticed Sigmund
   428 | D:3      | Reached XP level 3. HP: 18/28 MP: 0/6
   520 | D:4      | Reached skill level 1 in Translocations
   520 | D:4      | Reached XP level 4. HP: 27/34 MP: 1/7
   719 | D:4      | Found a staircase to the Ecumenical Temple.
   762 | D:4      | Noticed an ogre
   778 | D:4      | HP: 1/34 [poisoned by a scorpion]
   779 | D:4      | Succumbed to a scorpion's poison

Skill      XL: |  1  2  3  4 |
---------------+-------------+-----
Polearms       | 4 |  4.6
Translocations | 1 |  1.5
Charms         | 4 |  4.1
Fighting       | |  2.4
Armour         | |  0.6
Dodging        | |  2.6
Spellcasting   | |  2.0

Action                   |  1- 3 |  4- 6 || total
-------------------------+-------+-------++-------
Melee: Spear             |    54 |    53 ||   107
Throw: Throwing net      |       |     1 ||     1
 Cast: Infusion          |     9 |     3 ||    12
       Shroud of Golubri |     2 |     2 ||     4
  Use: Potion            |       |     3 ||     3
 Stab: Sleeping          |     1 |       ||     1
       Held in net/web   |       |     1 ||     1
Armor: Leather armour    |     8 |     8 ||    16
Dodge: Dodged            |    16 |    20 ||    36
